 Dungeon Crawl Stone Soup version 0.17-a0-1850-g688e747 (webtiles) character file.

58668 Ijustatesigmund the Slinger (level 15, -4/99 HPs)
             Began as a Halfling Hunter on Sept 19, 2015.
             Was a High Priest of Okawaru.
             Slain by a warg (8 damage)
             ... led by an orc warlord
             ... while paralysed by an orc sorcerer
             ... on level 3 of the Orcish Mines.
             The game lasted 01:48:00 (30025 turns).

Ijustatesigmund the Slinger (Halfling Hunter)      Turns: 30025, Time: 01:48:01

Health: -4/99      AC: 15    Str: 19    XL:     15   Next: 31%
Magic:  0/23       EV:  3    Int: 14    God:    Okawaru [*****.]
Gold:   1477       SH:  0    Dex: 24    Spells: 3 memorised, 10 levels left

rFire  + . .     SeeInvis +     z - +6 dagger "Toalesk" {speed, *Rage Str+6 Int+4 Dex+3}
rCold  . . .     Clarity  +     s - +3 leather armour {rF+}
rNeg   . . .     SustAt   .     Y - +1 buckler
rPois  .         Gourm    .     K - +2 hat {Spirit}
rElec  .         Spirit   +     R - +2 cloak
rCorr  .         Warding  .     (no gloves)
rMut   .         Stasis   .     P - +2 pair of boots {run}
MR     ++...                    p - amulet of clarity
Stlth  ++++++....               m - ring of protection from magic
                                x - ring of see invisible

@: paralysed, quick, very resistant to hostile enchantments, very stealthy
A: mutation resistance 1
a: Heroism, Finesse, Renounce Religion


You were on level 3 of the Orcish Mines.
You worshipped Okawaru.
Okawaru was extremely pleased with you.
You were not hungry.

You visited 3 branches of the dungeon, and saw 22 of its levels.
You also visited: Sewer.

You collected 2191 gold pieces.
You spent 714 gold pieces at shops.

Inventory:

Hand weapons
 a - a +5 hunting sling of velocity
 l - a +2 rapier of flaming
 z - the +6 dagger "Toalesk" (weapon) {speed, *Rage Str+6 Int+4 Dex+3}
   (You found it on level 6 of the Dungeon)

   Attacks with this weapon are significantly faster.
   It affects your strength (+6).
   It affects your intelligence (+4).
   It affects your dexterity (+3).
   It may make you go berserk in combat.
 H - the +5 dagger of Yclueck {flame, *Drain rF+++ MP+9 Stlth+}
   (You found it on level 5 of the Dungeon)

   It has been specially enchanted to burn those struck by it, causing extra
   injury to most foes and up to half again as much damage against particularly
   susceptible opponents.
   It renders you almost immune to fire.
   It affects your magic capacity (+9).
   It causes draining when unequipped.
   It makes you more stealthy.
 V - the +9 dagger "Ululai Atax" {freeze, Int+3}
   (You found it on level 13 of the Dungeon)

   It has been specially enchanted to freeze those struck by it, causing extra
   injury to most foes and up to half again as much damage against particularly
   susceptible opponents.
   It can also slow down cold-blooded creatures.
   It affects your intelligence (+3).
Missiles
 c - 710 stones (quivered)
 r - 27 sling bullets of flame
 y - 33 sling bullets
 N - 20 poisoned sling bullets
 S - 17 exploding sling bullets
 T - 17 steel sling bullets
 X - 32 silver sling bullets
Armour
 s - a +3 leather armour of fire resistance (worn)
 K - a +2 hat of spirit shield (worn)
 P - a +2 pair of boots of running (worn)
 R - a +2 cloak (worn)
 Y - a +1 buckler (worn)
Jewellery
 m - a ring of protection from magic (right hand)
 p - an amulet of clarity (around neck)
 u - an uncursed ring of positive energy
 x - a ring of see invisible (left hand)
 A - an uncursed ring of sustain attributes
 C - a +4 ring of intelligence
 Z - an uncursed amulet of resist corrosion
Magical devices
 d - a wand of polymorph (23)
 q - a wand of lightning (7)
 M - a wand of fireball (3)
 U - a wand of slowing (20)
 W - a wand of disintegration (1)
Scrolls
 b - 2 scrolls of immolation
 g - a scroll of blinking
 k - 10 scrolls of remove curse
 v - 2 scrolls of recharging
 I - a scroll of teleportation
 L - 3 scrolls of magic mapping
 O - 2 scrolls of identify
Potions
 f - a potion of haste
 h - 3 potions of ambrosia
 i - 13 potions of curing
 j - 3 potions of brilliance
 n - 4 potions of agility
 t - 4 potions of berserk rage
 w - 3 potions of magic
 B - a potion of flight
 E - a potion of might
 F - 4 potions of lignification
 Q - a potion of cancellation
Comestibles
 e - 13 bread rations
 D - 15 meat rations
 G - 4 beef jerkies


   Skills:
 - Level 7.7 Fighting
 + Level 13.1 Short Blades
 - Level 14.7 Slings
 + Level 7.9 Armour
 + Level 9.6 Dodging
 - Level 11.5 Stealth
 - Level 4.1 Shields
 - Level 3.1 Summonings
 - Level 6.1 Translocations
 + Level 10.9 Invocations
 + Level 5.3 Evocations


You had 10 spell levels left.
You knew the following spells:

 Your Spells              Type           Power        Failure   Level  Hunger
a - Blink                 Tloc           N/A          6%          2    ###....
b - Apportation           Tloc           ###.......   3%          1    ##.....
c - Summon Butterflies    Summ           #.......     12%         1    ##.....


Dungeon Overview and Level Annotations

Branches:
Dungeon (15/15)            Temple (0/1) D:7            Lair (3/8) D:10
    Orc (4/4) D:12            Elf (0/3) Orc:4        Vaults (0/5) D:13
 Depths (0/5) D:15
  Swamp: Lair:3-6    Shoals: Lair:3-6     Snake: Lair:3-6    Spider: Lair:3-6

Altars:
Ashenzari
Cheibriados
Fedhas
Gozag
Kikubaaqudgha
Okawaru
Qazlal
Ru
Sif Muna
Trog
Vehumet
Xom
The Shining One

Shops:
D:7 (   D:8 ::   D:12 [(   Orc:1 }   Orc:4 (:

Portals:
Trove: D:13 (give +4 demon whip)


Innate Abilities, Weirdness & Mutations

You are small and have problems with some larger weapons.
You are somewhat resistant to further mutation.


Message History

The orc hits you but does no damage. The orc barely misses you.
The orc sorcerer hits you but does no damage.
The orc wizard hits you with a dagger.
* * * LOW HITPOINT WARNING * * *
The warg bites you.
* * * LOW HITPOINT WARNING * * *
The orc hits you with a mace.
* * * LOW HITPOINT WARNING * * *
The orc hits you but does no damage.
The red devil hits you from afar with a demon trident of electrocution.
* * * LOW HITPOINT WARNING * * *
The warg bites you but does no damage. The orc hits you with a club.
* * * LOW HITPOINT WARNING * * *
The orc hits you but does no damage.
The orc sorcerer gestures at you while chanting.
You shrug off the repeated paralysis!
The orc wizard hits you with a dagger.
* * * LOW HITPOINT WARNING * * *
The orc hits you but does no damage. x2
The warg bites you!
You die...

##..#.....### ##.<...#
#...........# #######
###..........##
##.#...........#
##........#.....###
#........###......#
##........###.....# #
##......##oo[....# #
###....[oo@)...## ### #
##....ohoo.### ##.#### #
##.[).o4### #.#...# #
##....o.# #####...## #
###.......# ##........###
#.........###............
###........>#.#.....#......
##.#.................#.....#
##.......###..........###...#


You could see a warg, an orc sorcerer, a red devil, an orc wizard (invisible)
and 7 orcs.

Vanquished Creatures
  Rupert (D:14)
  Gastronok (Orc:1)
  Nessos (D:12)
  A vault guard (D:13)
  Josephine (D:14)
  Erolcha (D:9)
  Harold (D:12)
  3 hydras
  The ghost of Duffy the Spear-Bearer, an experienced NaFE of Okawaru (D:8)
  2 tengu warriors (D:14)
  2 orc high priests (Orc:4)
  Sonja (D:12)
  Nergalle (Orc:3)
  4 unseen horrors
  7 hill giants
  2 orc sorcerers
  10 ugly things
  5 orc knights
  2 wolf spiders (D:15)
  A manticore (D:15)
  A griffon (D:15)
  An octopode (shapeshifter) (D:13)
  2 cyclopes
  2 centaur zombies (D:13)
  A manticore (shapeshifter) (D:14)
  Joseph (D:9)
  2 black mambas
  A gargoyle (D:10)
  5 spiny frogs
  4 centaur skeletons
  5 yaktaurs (D:15)
  An efreet (D:15)
  The ghost of Ijustatesigmund the Slinger, an experienced HaHu (D:5)
  3 kobold demonologists (D:15)
  A two-headed ogre (shapeshifter) (D:15)
  A komodo dragon (Lair:1)
  A two-headed ogre (Orc:3)
  A tengu conjurer (D:13)
  4 trolls
  6 slime creatures (D:14)
  Prince Ribbit (D:5)
  2 deep elf magi
  Sigmund (D:2)
  5 blink frogs (Lair:2)
  A spriggan (shapeshifter) (D:11)
  4 yaks
  5 wraiths (D:14)
  Eustachio (D:4)
  2 wyverns (D:13)
  6 hippogriffs
  A steam dragon (D:14)
  2 hungry ghosts
  2 vampire mosquitoes (D:12)
  Menkaure (D:6)
  2 porcupines
  Edmund (D:4)
  4 wolves
  A mottled dragon (D:15)
  A soldier ant (shapeshifter) (D:13)
  2 water moccasins (Lair:2)
  4 wargs
  Duvessa (D:4)
  3 sky beasts
  4 ice beasts
  6 necrophages (D:7)
  13 ogres
  21 orc warriors
  A black bear (D:7)
  3 phantoms
  An eye of draining (D:13)
  22 centaurs
  2 crocodiles (Lair:2)
  5 big kobolds
  Blork the orc (D:6)
  12 giant frogs
  A gnoll sergeant (D:8)
  Dowan (D:4)
  A scorpion (D:11)
  14 wights
  12 killer bees
  26 orc priests
  A gnoll shaman (D:5)
  4 crimson imps
  5 jellies
  6 hounds
  31 orc wizards
  A giant frog skeleton (D:5)
  3 worker ants
  Terence (D:2)
  8 iguanas
  Natasha (thrice) (D:4)
  A killer bee zombie (D:7)
  2 sheep (D:14)
  2 hound zombies
  3 mummies (D:7)
  2 hound skeletons
  16 adders
  15 gnolls
  9 river rats
  2 worker ant zombies (D:7)
  2 shadow imps
  2 adder skeletons
  6 worms
  3 giant geckos
  165 orcs
  8 bats
  10 giant cockroaches
  6 goblins
  8 hobgoblins
  3 jackals (D:9)
  2 quokkas
  6 ball pythons
  4 giant newts
  A jackal zombie (D:7)
  31 kobolds
  30 rats
  A plant (Lair:1)
694 creatures vanquished.

Vanquished Creatures (others)
  Fannar (Orc:2)
  6 orcs
  2 fungi (Orc:4)
9 creatures vanquished.

Grand Total: 703 creatures vanquished

Notes
Turn   | Place    | Note
--------------------------------------------------------------
     0 | D:1      | Ijustatesigmund the Halfling Hunter began the quest for the Orb.
     0 | D:1      | Reached XP level 1. HP: 14/14 MP: 1/1
    21 | D:1      | Reached skill level 6 in Slings
   109 | D:1      | Reached XP level 2. HP: 19/19 MP: 2/2
   511 | D:1      | Reached skill level 7 in Slings
   511 | D:1      | Reached XP level 3. HP: 24/24 MP: 3/3
   767 | D:2      | Noticed Sigmund
  1178 | D:3      | Reached XP level 4. HP: 24/29 MP: 4/4
  1199 | D:3      | Reached skill level 8 in Slings
  1213 | D:3      | Found an ancient bone altar of Kikubaaqudgha.
  1286 | D:3      | Found a glowing drain.
  1428 | Sewer    | Entered a sewer
  1630 | Sewer    | Noticed a big kobold
  1667 | Sewer    | Killed a big kobold
  1667 | Sewer    | Reached skill level 9 in Slings
  1667 | Sewer    | Reached XP level 5. HP: 14/34 MP: 5/5
  1941 | Sewer    | Reached XP level 6. HP: 20/39 MP: 6/6
  2178 | Sewer    | Reached skill level 10 in Slings
  2282 | Sewer    | Noticed a big kobold
  2307 | Sewer    | Killed a big kobold
  3077 | D:3      | Reached XP level 7. HP: 44/44 MP: 7/7
  3259 | D:4      | Reached skill level 11 in Slings
  3294 | D:4      | Noticed Natasha
  3296 | D:4      | Noticed Eustachio
  3336 | D:4      | Killed Eustachio
  3346 | D:4      | Killed Natasha
  3404 | D:4      | Noticed Natasha
  3414 | D:4      | Killed Natasha
  3425 | D:4      | Reached skill level 1 in Short Blades
  3662 | D:4      | Noticed Edmund
  3693 | D:4      | Killed Edmund
  3774 | D:4      | Noticed Natasha
  3779 | D:4      | Killed Natasha
  3850 | D:4      | Reached XP level 8. HP: 51/51 MP: 8/8
  3976 | D:4      | Noticed Duvessa
  3987 | D:4      | Noticed Dowan
  3989 | D:4      | Killed Duvessa
  3989 | D:4      | Reached skill level 5 in Short Blades
  3994 | D:4      | Killed Dowan
  4513 | D:4      | Found a stormy altar of Qazlal.
  4513 | D:4      | Found a sacrificial altar of Ru.
  4514 | D:4      | Found a radiant altar of Vehumet.
  4661 | D:2      | Killed Sigmund
  4901 | D:2      | Found an iron altar of Okawaru.
  4910 | D:2      | Became a worshipper of Warmaster Okawaru
  4953 | D:2      | Noticed Terence
  4963 | D:2      | Killed Terence
  5490 | D:5      | Entered Level 5 of the Dungeon
  5515 | D:5      | Reached XP level 9. HP: 57/57 MP: 9/9
  5558 | D:5      | Noticed Prince Ribbit
  5573 | D:5      | Killed Prince Ribbit
  5573 | D:5      | Reached skill level 12 in Slings
  5595 | D:5      | Noticed Ijustatesigmund's ghost (experienced HaHu)
  5604 | D:5      | Killed Ijustatesigmund's ghost
  5755 | D:5      | Reached skill level 5 in Dodging
  5773 | D:5      | Got an iridescent dagger
  5774 | D:5      | Identified the +5 dagger of Yclueck {flame, *Drain rF+++ MP+9 Stlth+} (You found it on level 5 of the Dungeon)
  6331 | D:6      | Noticed Menkaure
  6338 | D:6      | Killed Menkaure
  6338 | D:6      | Acquired Okawaru's first power
  6338 | D:6      | Reached skill level 5 in Stealth
  6659 | D:6      | Noticed Blork the orc
  6666 | D:6      | Killed Blork the orc
  6900 | D:6      | Got a translucent dagger
  6901 | D:6      | Identified the +6 dagger "Toalesk" {speed, *Rage Str+6 Int+4 Dex+3} (You found it on level 6 of the Dungeon)
  7112 | D:6      | Reached skill level 1 in Invocations
  7174 | D:7      | Reached skill level 13 in Slings
  7288 | D:7      | Found a staircase to the Ecumenical Temple.
  7342 | D:7      | Reached XP level 10. HP: 45/63 MP: 11/11
  7651 | D:7      | Found Ustriyll's Weapon Emporium.
  8293 | D:8      | Noticed Duffy's ghost (experienced NaFE)
  8511 | D:8      | Found a shimmering altar of Xom.
  8618 | D:8      | Killed Duffy's ghost
  8618 | D:8      | Reached skill level 14 in Slings
  8620 | D:8      | Found a shattered altar of Ashenzari.
  8623 | D:8      | Found a snail-covered altar of Cheibriados.
  8651 | D:8      | Found a shimmering altar of Xom.
  8652 | D:8      | Found a shimmering altar of Xom.
  8740 | D:8      | Found Keukk's Book Boutique.
  8746 | D:8      | Found Haochu's Book Emporium.
  8747 | D:8      | Bought a book of Minor Magic for 240 gold pieces
  8750 | D:8      | Learned a level 2 spell: Blink
  8765 | D:8      | Reached skill level 5 in Invocations
  8770 | D:8      | Found a deep blue altar of Sif Muna.
  8809 | D:8      | Reached skill level 1 in Translocations
  8818 | D:8      | Received a gift from Okawaru
  8819 | D:8      | Noticed a hill giant
  8857 | D:8      | Killed a hill giant
  8857 | D:8      | Reached XP level 11. HP: 44/69 MP: 12/15
  9157 | D:8      | Found a bloodstained altar of Trog.
  9698 | D:9      | Found a glowing golden altar of the Shining One.
  9928 | D:9      | Noticed Erolcha
  9933 | D:9      | Killed Erolcha
  9933 | D:9      | Received a gift from Okawaru
 10140 | D:9      | Noticed Joseph
 10184 | D:9      | Killed Joseph
 10184 | D:9      | Reached skill level 10 in Short Blades
 10861 | D:10     | Entered Level 10 of the Dungeon
 10909 | D:10     | Reached skill level 5 in Translocations
 10947 | D:10     | Reached skill level 1 in Armour
 11075 | D:10     | Found a staircase to the Lair.
 11085 | Lair:1   | Entered Level 1 of the Lair of Beasts
 11088 | Lair:1   | Learned a level 1 spell: Apportation
 11252 | Lair:1   | Received a gift from Okawaru
 12828 | Lair:2   | Reached XP level 12. HP: 74/74 MP: 17/17
 12874 | Lair:1   | Learned a level 1 spell: Summon Butterflies
 13319 | Lair:2   | Reached skill level 1 in Summonings
 13334 | Lair:2   | Acquired Okawaru's second power
 13405 | Lair:2   | Received a gift from Okawaru
 14058 | Lair:2   | Received a gift from Okawaru
 14359 | Lair:2   | Reached skill level 5 in Armour
 14896 | Lair:3   | Noticed a seven-headed hydra
 15125 | D:10     | Noticed a hill giant
 15128 | D:10     | Killed a hill giant
 15184 | D:10     | Noticed a hill giant
 15199 | D:10     | Killed a hill giant
 15879 | D:11     | Received a gift from Okawaru
 16254 | D:11     | Received a gift from Okawaru
 16398 | D:12     | Noticed a four-headed hydra
 16548 | D:12     | Reached skill level 5 in Fighting
 16548 | D:12     | Reached XP level 13. HP: 39/81 MP: 19/19
 16570 | D:12     | Killed a four-headed hydra
 16644 | D:12     | Noticed Nessos
 16783 | D:12     | Killed Nessos
 17045 | D:12     | Found a staircase to the Orcish Mines.
 17045 | D:12     | Found Miselut's Weapon Boutique.
 17045 | D:12     | Found Jeutzu's Armour Boutique.
 17091 | D:12     | Bought a +1 pair of boots of running for 474 gold pieces
 17175 | D:12     | Noticed Sonja
 17828 | D:12     | Killed Sonja
 18211 | D:12     | Found a blossoming altar of Fedhas.
 18358 | D:12     | Noticed Harold
 18367 | D:12     | Killed Harold
 18367 | D:12     | Received a gift from Okawaru
 18557 | D:12     | Reached skill level 10 in Stealth
 18716 | D:13     | Received a gift from Okawaru
 18726 | D:13     | Got a brightly glowing dagger
 18727 | D:13     | Identified the +9 dagger "Ululai Atax" {freeze, Int+3} (You found it on level 13 of the Dungeon)
 19206 | D:13     | Received a gift from Okawaru
 19311 | D:13     | Reached skill level 1 in Shields
 19436 | D:13     | Found a gate to the Vaults.
 19436 | D:13     | Noticed a vault guard
 19438 | D:13     | Killed a vault guard
 19587 | D:13     | Found a portal to a secret trove of treasure.
 19720 | Orc:1    | Entered Level 1 of the Orcish Mines
 20014 | Orc:1    | Found Hegg's Quality Used Wands.
 20990 | D:12     | Reached XP level 14. HP: 93/93 MP: 18/20
 21569 | Orc:1    | Noticed Gastronok
 21763 | Orc:1    | Killed Gastronok
 21763 | Orc:1    | Received a gift from Okawaru
 21763 | Orc:1    | Reached skill level 1 in Evocations
 22260 | Orc:2    | Noticed Fannar
 22611 | Orc:2    | Received a gift from Okawaru
 22720 | Orc:2    | Killed Fannar
 23782 | Orc:3    | Noticed Nergalle
 23829 | Orc:3    | Killed Nergalle
 24359 | Orc:3    | Received a gift from Okawaru
 24682 | Orc:4    | Entered Level 4 of the Orcish Mines
 24687 | Orc:4    | Found a staircase to the Elven Halls.
 24707 | Orc:4    | Found Riedghoki's Book Shop.
 24707 | Orc:4    | Noticed an orc warlord
 25062 | Orc:4    | Found Epaesah's Antique Armour Shoppe.
 25126 | Orc:4    | Found Hateish's Antique Weapon Shop.
 25530 | D:14     | Noticed Josephine
 25621 | D:14     | Killed Josephine
 25874 | D:14     | Noticed Rupert
 26047 | D:14     | Killed Rupert
 26047 | D:14     | Received a gift from Okawaru
 26047 | D:14     | Reached skill level 10 in Invocations
 26191 | D:14     | Received a gift from Okawaru
 26194 | D:14     | Got a spiked scale mail {god gift}
 26224 | D:13     | Identified the +1 scale mail of Koirchu {MR+ rCorr Dex+2} (Okawaru gifted it to you on level 14 of the Dungeon)
 26374 | D:15     | Entered Level 15 of the Dungeon
 26533 | D:15     | Found an opulent altar of Gozag.
 27397 | D:14     | Reached XP level 15. HP: 73/99 MP: 15/22
 28289 | D:15     | Reached skill level 5 in Evocations
 28436 | D:15     | Found a staircase to the Depths.
 29928 | Orc:3    | Noticed an orc warlord
 30019 | Orc:3    | Paralysed by an orc sorcerer for 7 turns
 30024 | Orc:3    | HP: 4/99 [orc wizard/dagger[an orc warlord] (1)]
 30025 | Orc:3    | Slain by a warg

Vault maps used:
D:1:      roderic_dead_forest
D:2:      first_bread, okawaru_trees_1, uniq_terence, uniq_sigmund
D:3:      kiku_gazebo_garden_becter, portal_sewer_entry_c, patterned_corridor
D:4:      gammafunk_temple_overflow_forgotten, uniq_natasha, uniq_eustachio,
          uniq_duvessa, uniq_edmund
D:5:      abandoned_shop, uniq_prince_ribbit1
D:6:      uniq_menkaure, uniq_blork_the_orc
D:7:      minmay_temple_entry_grid, serial_undead, serial_undead_c,
          serial_undead_e, serial_undead_c, serial_undead_d, serial_undead_e,
          serial_undead_b, serial_undead_a, serial_shops, shop, grunt_ogre_cave,
          serial_park_tiny_pond, minivault_22
D:8:      xom_shifter_show, grunt_temple_overflow_open, old_standard_altar,
          serial_shops, shop_fountains, shop, trog_book
D:9:      tso_metal_star, uniq_joseph, uniq_erolcha
D:10:     lair_0_dummy
D:12:     orc_david_3, hex_large, fedhas_altar_4, uniq_sonja, uniq_harold,
          uniq_nessos
D:13:     david_vaults_5, nicolae_trove_entry_columns
D:14:     minivault_26, uniq_josephine, uniq_rupert
D:15:     hangedman_depths_entry_try_elsewhere_first, grunt_gozag_breadcrumbs
Lair:3:   nicolae_spider_entry_tight_spaces, columned_hall_lemuel
Orc:1:    nicolae_for_you_no_charge, uniq_gastronok
Orc:2:    amalloy_card_club, uniq_fannar
Orc:3:    nicolae_orc_pool_cavern, nicolae_orc_stony_grotto, uniq_nergalle
Orc:4:    grunt_orc_gardens, grunt_orc_garden, grunt_orc_garden,
          grunt_orc_garden, grunt_orc_garden, serial_shops, shop, uniq_snorg
Sewer:    sewer_minmay_treatment

Action                   |  1- 3 |  4- 6 |  7- 9 | 10-12 | 13-15 || total
-------------------------+-------+-------+-------+-------+-------++-------
Melee: Short sword       |       |       |   126 |       |       ||   126
       Dagger            |       |       |    46 |   752 |  1607 ||  2405
 Fire: Hunting sling     |   115 |   242 |   203 |   416 |   788 ||  1764
 Cast: Blink             |       |       |       |       |     3 ||     3
       Summon Butterflie |       |       |       |       |     1 ||     1
Invok: Heroism           |       |       |       |     3 |    14 ||    17
       Finesse           |       |       |       |       |     6 ||     6
Evoke: Wand              |       |       |       |       |     4 ||     4
  Use: Scroll            |     2 |     3 |     6 |    14 |    14 ||    39
       Potion            |       |     2 |     5 |     9 |     8 ||    24
 Stab: Sleeping          |       |       |     3 |    26 |    23 ||    52
       Distracted        |       |       |       |     2 |     2 ||     4
  Eat: Chunk             |     1 |     5 |    10 |    22 |    20 ||    58
       Pizza             |       |       |     2 |     1 |     2 ||     5
       Fruit             |       |       |       |     9 |     1 ||    10
       Beef jerky        |       |       |       |       |     8 ||     8
       Royal jelly       |       |       |       |       |     3 ||     3
